| TOP OF THE 1ST |
|
Miami Beach Marlins batting - Pitching for Houston Colt .45's : RHP Shitoshi Sai
|
|
Pitching: RHP Shitoshi Sai
|
|
|
Batting: RHB Jim Smallwood
|
0-0: Ball 1-0: Ball 2-0: Ball 3-0: Called Strike 3-1: Called Strike 3-2: Ground out 6-3 (Groundball, 6, EV 96.2 MPH)
|
|
Batting: RHB Corbin Chauvin
|
0-0: Ball 1-0: Swinging Strike 1-1: Fly out, F9 (Flyball, 9D, EV 80.0 MPH)
|
|
Batting: RHB Torquato Uso
|
0-0: Called Strike 0-1: Called Strike 0-2: Ground out 1-3 (Groundball, 25, EV 66.2 MPH)
|
| Top of the 1st over - 0 runs, 0 hits, 0 errors, 0 left on base; Miami Beach 0 - Houston 0 |
| BOTTOM OF THE 1ST |
|
Houston Colt .45's batting - Pitching for Miami Beach Marlins : RHP Jamie Rappoport
|
|
Pitching: RHP Jamie Rappoport
|
|
|
Batting: RHB Bill Borden
|
0-0: Called Strike 0-1: Swinging Strike 0-2: Reached on error, E6 (Groundball, 6, EV 78.1 MPH)
|
|
Batting: SHB Terciero Ortiz
|
0-0: Foul Ball, location: 2F 0-1: Foul Ball, location: 2F 0-2: Ground out 4-3 (Groundball, 4, EV 81.9 MPH) Bill Borden to third
|
|
Batting: RHB Josh Reisner
|
0-0: Ball 1-0: Ball 2-0: Ground out 6-3 (Groundball, 6, EV 91.9 MPH) Bill Borden scores
|
|
Batting: LHB Vecdi Hodensack
|
0-0: Fly out, F8 (Flyball, 78D, EV 95.0 MPH)
|
| Bottom of the 1st over - 1 run, 0 hits, 1 error, 0 left on base; Miami Beach 0 - Houston 1 |
| TOP OF THE 2ND |
|
Miami Beach Marlins batting - Pitching for Houston Colt .45's : RHP Shitoshi Sai
|
|
Batting: SHB Emmet Brickowski
|
0-0: SINGLE (Groundball, 34, EV 103.8 MPH)
|
|
Batting: LHB Luis Ortegon
|
0-0: SINGLE (Groundball, 34, EV 95.0 MPH) Emmet Brickowski to second Runner from 2nd tries for 3rd, SAFE, throw by RF made to third
|
|
Batting: RHB Josh Jones
|
0-0: Called Strike 0-1: Ball 1-1: Ball 2-1: Foul Ball, location: 2F 2-2: Strikes out looking
|
|
Batting: RHB Chris Harlow
|
0-0: Fly out, F9 (Flyball, 9LM, EV 100.0 MPH) Runner from 3rd tags up, SCORES, no throw by RF
|
|
Batting: RHB Francisco Valenzuela
|
0-0: Called Strike 0-1: Ball 1-1: Swinging Strike 1-2: Ball 2-2: Ball 3-2: Foul Ball, location: 2F 3-2: Base on Balls Luis Ortegon to second
|
|
Batting: RHB Hektor Luvian
|
0-0: Called Strike 0-1: Ball 1-1: Swinging Strike 1-2: Strikes out swinging
|
| Top of the 2nd over - 1 run, 2 hits, 0 errors, 2 left on base; Miami Beach 1 - Houston 1 |
| BOTTOM OF THE 2ND |
|
Houston Colt .45's batting - Pitching for Miami Beach Marlins : RHP Jamie Rappoport
|
|
Batting: RHB Jamie Walker
|
0-0: Ball 1-0: Ball 2-0: Called Strike 2-1: Ball 3-1: Ground out 1-3 (Groundball, 13S, EV 68.8 MPH)
|
|
Batting: RHB Fernando Acosta
|
0-0: Ball 1-0: Ball 2-0: Ball 3-0: Base on Balls
|
|
Batting: RHB Tim Williams
|
0-0: Ball 1-0: Ball 2-0: Ball Fernando Acosta is caught stealing 2nd base 2-4 3-0: Called Strike 3-1: Called Strike 3-2: Fly out, F8 (Flyball, 8RXD, EV 102.5 MPH)
|
| Bottom of the 2nd over - 0 runs, 0 hits, 0 errors, 0 left on base; Miami Beach 1 - Houston 1 |
| TOP OF THE 3RD |
|
Miami Beach Marlins batting - Pitching for Houston Colt .45's : RHP Shitoshi Sai
|
|
Batting: RHB Jim Smallwood
|
0-0: Called Strike 0-1: Ball 1-1: Ground out 6-3 (Groundball, 6, EV 94.4 MPH)
|
|
Batting: RHB Corbin Chauvin
|
0-0: DOUBLE (Line Drive, 9LM, EV 106.9 MPH)
|
|
Batting: RHB Torquato Uso
|
0-0: Swinging Strike 0-1: Ball 1-1: Ball 2-1: Ball 3-1: Called Strike 3-2: Strikes out swinging
|
|
Batting: SHB Emmet Brickowski
|
0-0: Foul Ball, location: 2F 0-1: Ball 1-1: Swinging Strike 1-2: Strikes out swinging
|
| Top of the 3rd over - 0 runs, 1 hit, 0 errors, 1 left on base; Miami Beach 1 - Houston 1 |
| BOTTOM OF THE 3RD |
|
Houston Colt .45's batting - Pitching for Miami Beach Marlins : RHP Jamie Rappoport
|
|
Batting: LHB Casper Significant
|
0-0: Called Strike 0-1: Ball 1-1: Foul Ball, location: 2F 1-2: Ball 2-2: Fly out, F9 (Line Drive, 89M, EV 91.9 MPH)
|
|
Batting: RHB David Sanchez
|
0-0: Hit by Pitch
|
|
Batting: RHB Bill Borden
|
0-0: Foul Ball, location: 2F 0-1: Swinging Strike 0-2: Strikes out swinging
|
|
Batting: SHB Terciero Ortiz
|
0-0: DOUBLE (Line Drive, 8RXD, EV 97.5 MPH) David Sanchez to third Runner from 3rd tries for Home, SAFE, no throw by CF
|
|
Pinch Runner at 2nd Bob Neale:
|
|
|
Batting: RHB Josh Reisner
|
0-0: Ball 1-0: Foul Ball, location: 2F 1-1: Ground out 4-3 (Groundball, 34D, EV 91.9 MPH)
|
| Bottom of the 3rd over - 1 run, 1 hit, 0 errors, 1 left on base; Miami Beach 1 - Houston 2 |
| TOP OF THE 4TH |
|
Miami Beach Marlins batting - Pitching for Houston Colt .45's : RHP Shitoshi Sai
|
|
Batting: LHB Luis Ortegon
|
0-0: Called Strike 0-1: Foul Ball, location: 2F 0-2: Foul Ball, location: 2F 0-2: Ball 1-2: Ball 2-2: SINGLE (Groundball, 6MD, EV 96.9 MPH)
|
|
Batting: RHB Josh Jones
|
0-0: Called Strike 0-1: Called Strike 0-2: Ball 1-2: Strikes out looking
|
|
Batting: RHB Chris Harlow
|
0-0: Ball 1-0: Called Strike 1-1: Swinging Strike 1-2: Ball 2-2: Strikes out swinging
|
|
Batting: RHB Francisco Valenzuela
|
0-0: Fly out, F6 (Line Drive, 6, EV 66.2 MPH)
|
| Top of the 4th over - 0 runs, 1 hit, 0 errors, 1 left on base; Miami Beach 1 - Houston 2 |
| BOTTOM OF THE 4TH |
|
Houston Colt .45's batting - Pitching for Miami Beach Marlins : RHP Jamie Rappoport
|
|
Batting: LHB Vecdi Hodensack
|
0-0: Called Strike 0-1: Swinging Strike 0-2: Ball 1-2: Foul Ball, location: 2F 1-2: Foul Ball, location: 2F 1-2: Strikes out swinging
|
|
Batting: RHB Jamie Walker
|
0-0: Ball 1-0: Foul Ball, location: 2F 1-1: Called Strike 1-2: Ball 2-2: Ball 3-2: Strikes out swinging
|
|
Batting: RHB Fernando Acosta
|
0-0: Called Strike 0-1: Ground out 4-3 (Groundball, 4M, EV 102.5 MPH)
|
| Bottom of the 4th over - 0 runs, 0 hits, 0 errors, 0 left on base; Miami Beach 1 - Houston 2 |
| TOP OF THE 5TH |
|
Miami Beach Marlins batting - Pitching for Houston Colt .45's : RHP Shitoshi Sai
|
|
Batting: RHB Hektor Luvian
|
0-0: Ball 1-0: Fly out, F9 (Flyball, 9LS, EV 70.6 MPH)
|
|
Batting: RHB Jim Smallwood
|
0-0: Called Strike 0-1: Ball 1-1: Ground out 6-3 (Groundball, 56, EV 115.0 MPH)
|
|
Batting: RHB Corbin Chauvin
|
0-0: Ball 1-0: Fly out, F8 (Flyball, 78D, EV 102.5 MPH)
|
| Top of the 5th over - 0 runs, 0 hits, 0 errors, 0 left on base; Miami Beach 1 - Houston 2 |
| BOTTOM OF THE 5TH |
|
Houston Colt .45's batting - Pitching for Miami Beach Marlins : RHP Jamie Rappoport
|
|
Batting: RHB Tim Williams
|
0-0: Called Strike 0-1: SINGLE (Line Drive, 8RS, EV 96.2 MPH)
|
|
Batting: LHB Casper Significant
|
0-0: Ball 1-0: Swinging Strike 1-1: Swinging Strike 1-2: Ball 2-2: Ball 3-2: Foul Ball, location: 2F 3-2: Base on Balls Tim Williams to second
|
|
Batting: RHB David Sanchez
|
0-0: Grounds into double play, 5-4-3 (Groundball, 56, EV 90.0 MPH) Tim Williams to third
|
|
Batting: RHB Bill Borden
|
0-0: Foul Ball, location: 2F 0-1: Swinging Strike 0-2: Ball 1-2: Strikes out swinging
|
| Bottom of the 5th over - 0 runs, 1 hit, 0 errors, 1 left on base; Miami Beach 1 - Houston 2 |
| TOP OF THE 6TH |
|
Miami Beach Marlins batting - Pitching for Houston Colt .45's : RHP Shitoshi Sai
|
|
Batting: RHB Torquato Uso
|
0-0: Called Strike 0-1: Foul Ball, location: 2F 0-2: Reaches on Catchers interference
|
|
Batting: SHB Emmet Brickowski
|
0-0: Ball 1-0: Ball 2-0: Ball 3-0: Called Strike 3-1: Fielders Choice at 2nd, 5-4 (Groundball, 56S, EV 80.6 MPH)
|
|
Batting: LHB Luis Ortegon
|
0-0: Called Strike 0-1: Foul Ball, location: 2F 0-2: Ball 1-2: Ball 2-2: Foul Ball, location: 2F 2-2: Foul Ball, location: 2F 2-2: Strikes out swinging
|
|
Pitching: RHP Charles Picard
|
|
|
Pinch Hitting: RHB Scott Talbot
|
0-0: Ball Emmet Brickowski steals 2nd base 1-0: Ball 2-0: Foul Ball, location: 2F 2-1: Foul Ball, location: 2F 2-2: Foul Ball, location: 2F 2-2: Ball 3-2: Fly out, F9 (Flyball, 89S, EV 85.0 MPH)
|
| Top of the 6th over - 0 runs, 0 hits, 1 error, 1 left on base; Miami Beach 1 - Houston 2 |
| BOTTOM OF THE 6TH |
|
Houston Colt .45's batting - Pitching for Miami Beach Marlins : RHP Jamie Rappoport
|
|
Now in LF: Christian Gentille
|
|
|
Batting: LHB Bob Neale
|
0-0: Ball 1-0: Ball 2-0: Called Strike 2-1: Ball 3-1: Base on Balls
|
|
Batting: RHB Josh Reisner
|
0-0: Ball 1-0: Called Strike 1-1: Called Strike 1-2: Strikes out swinging
|
|
Pitching: RHP Willie Mojica
|
|
|
Batting: LHB Vecdi Hodensack
|
0-0: Ball 1-0: Called Strike 1-1: Fly out, F8 (Flyball, 8LD, EV 99.4 MPH)
|
|
Batting: RHB Jamie Walker
|
0-0: Ball 1-0: Called Strike 1-1: Fielders Choice at 2nd, 5-4 (Groundball, 56, EV 102.5 MPH)
|
| Bottom of the 6th over - 0 runs, 0 hits, 0 errors, 1 left on base; Miami Beach 1 - Houston 2 |
| TOP OF THE 7TH |
|
Miami Beach Marlins batting - Pitching for Houston Colt .45's : RHP Charles Picard
|
|
Pinch Hitting: RHB Melvin Nava
|
0-0: Ball 1-0: Foul Ball, location: 2F 1-1: Called Strike 1-2: Ball 2-2: Ball 3-2: Foul Ball, location: 2F 3-2: Base on Balls
|
|
Batting: RHB Francisco Valenzuela
|
0-0: Sac Bunt to 13S - play at first, batter OUT! 1-3 Melvin Nava to second
|
|
Pinch Hitting: SHB Brent King
|
0-0: Ball 1-0: Called Strike 1-1: Called Strike 1-2: Ball 2-2: Foul Ball, location: 2F 2-2: SINGLE (Flyball, 56D, EV 95.0 MPH) Melvin Nava to third Runner from 3rd tries for Home, throw by LF and OUT! 7-2 Brent King to second
|
|
Pitching: LHP Manny Muniz
|
|
|
Pinch Hitting: LHB Takao Ogura
|
0-0: Foul Ball, location: 2F 0-1: Ball 1-1: Foul Ball, location: 2F 1-2: Foul Ball, location: 2F 1-2: Foul Ball, location: 2F 1-2: Ground out 4-3 (Groundball, 4, EV 103.8 MPH)
|
| Top of the 7th over - 0 runs, 1 hit, 0 errors, 1 left on base; Miami Beach 1 - Houston 2 |
| BOTTOM OF THE 7TH |
|
Houston Colt .45's batting - Pitching for Miami Beach Marlins : RHP Willie Mojica
|
|
Now at 1B: Melvin Nava
|
|
|
Now at SS: Brent King
|
|
|
Now in CF: Takao Ogura
|
|
|
Batting: RHB Fernando Acosta
|
0-0: Called Strike 0-1: Ball 1-1: Ball 2-1: Ground out U3 (Groundball, 34, EV 102.5 MPH)
|
|
Batting: RHB Tim Williams
|
0-0: Ball 1-0: Swinging Strike 1-1: Foul Ball, location: 2F 1-2: Strikes out looking
|
|
Batting: LHB Casper Significant
|
0-0: Ground out 4-3 (Groundball, 4, EV 89.4 MPH)
|
| Bottom of the 7th over - 0 runs, 0 hits, 0 errors, 0 left on base; Miami Beach 1 - Houston 2 |
| TOP OF THE 8TH |
|
Miami Beach Marlins batting - Pitching for Houston Colt .45's : LHP Manny Muniz
|
|
Batting: RHB Corbin Chauvin
|
0-0: Ball 1-0: Ball 2-0: Called Strike 2-1: Ground out 4-3 (Groundball, 4S, EV 73.1 MPH)
|
|
Batting: RHB Torquato Uso
|
0-0: Foul Ball, location: 2F 0-1: Called Strike 0-2: Foul Ball, location: 2F 0-2: Ball 1-2: SINGLE (Line Drive, 9LS, EV 104.4 MPH)
|
|
Batting: SHB Emmet Brickowski
|
0-0: Foul Ball, location: 2F 0-1: Called Strike 0-2: Strikes out swinging
|
|
Batting: LHB Luis Ortegon
|
0-0: Ball 1-0: Ball 2-0: Swinging Strike 2-1: Foul Ball, location: 2F 2-2: SINGLE (Line Drive, 7LS, EV 108.1 MPH) Torquato Uso to second Runner from 2nd tries for 3rd, OUT! 7-5
|
| Top of the 8th over - 0 runs, 2 hits, 0 errors, 1 left on base; Miami Beach 1 - Houston 2 |
| BOTTOM OF THE 8TH |
|
Houston Colt .45's batting - Pitching for Miami Beach Marlins : RHP Willie Mojica
|
|
Batting: RHB David Sanchez
|
0-0: Foul Ball, location: 2F 0-1: Called Strike 0-2: Ball 1-2: Strikes out swinging
|
|
Batting: RHB Bill Borden
|
0-0: Called Strike 0-1: Called Strike 0-2: Strikes out swinging
|
|
Pitching: LHP Tom Boyko
|
|
|
Batting: LHB Bob Neale
|
0-0: Ball 1-0: Foul Ball, location: 2F 1-1: Reached on error, E6 (Groundball, 6, EV 91.9 MPH)
|
|
Batting: RHB Josh Reisner
|
0-0: Called Strike 0-1: Ball 1-1: Swinging Strike 1-2: Foul Ball, location: 2F 1-2: Reached on error, E6 (Groundball, 6, EV 83.1 MPH) Bob Neale to second
|
|
Batting: LHB Vecdi Hodensack
|
0-0: Ground out 4-3 (Groundball, 4, EV 87.5 MPH)
|
| Bottom of the 8th over - 0 runs, 0 hits, 2 errors, 2 left on base; Miami Beach 1 - Houston 2 |
| TOP OF THE 9TH |
|
Miami Beach Marlins batting - Pitching for Houston Colt .45's : LHP Manny Muniz
|
|
Pitching: RHP Kenyu Tanaka
|
|
|
Pinch Hitting: RHB Orlando Melendres
|
0-0: SINGLE (Groundball, 6MD, EV 111.9 MPH)
|
|
Batting: RHB Melvin Nava
|
0-0: Ball 1-0: Sac Bunt to 3S - play at first, batter OUT! 3-4 Orlando Melendres to second
|
|
Pinch Hitting: RHB Mario Cota
|
0-0: Fly out, F9 (Line Drive, 9, EV 86.9 MPH)
|
|
Pinch Hitting: RHB Troy Bush
|
0-0: Ball 1-0: Ball 2-0: Ball 3-0: Base on Balls
|
|
Batting: LHB Takao Ogura
|
0-0: Fly out, F8 (Flyball, 8LM, EV 93.8 MPH)
|
| Top of the 9th over - 0 runs, 1 hit, 0 errors, 2 left on base; Miami Beach 1 - Houston 2 |
|